 Dungeon Crawl Stone Soup version 0.27-a0-1193-g8631133539 (webtiles) character file.

Game seed: 17152978276841086305

6051 Strat the Basher (level 11, -2/85 HPs)
             Began as a Human Abyssal Knight on May 25, 2021.
             Was a Priest of Lugonu.
             Slain by a two-headed ogre
             ... wielding a +0 giant club
              (20 damage)
             ... on level 10 of the Dungeon.
             The game lasted 00:26:44 (17067 turns).

Strat the Basher (Human Abyssal Knight)            Turns: 17067, Time: 00:26:45

Health: -2/85      AC: 11    Str: 17    XL:     11   Next: 11%
Magic:  17/17      EV: 10    Int: 12    God:    Lugonu [***...]
Gold:   1704       SH:  3    Dex: 12    Spells: 6/10 levels left

rFire    + . .     SeeInvis .   b - +4 flail (freeze)
rCold    . . .     Faith    .   A - +0 buckler
rNeg     . . .     Spirit   .   w - +3 leather armour {Will+}
rPois    .         Reflect  .   G - +0 helmet
rElec    .         Harm     .   c - +1 cloak
rCorr    +         Rampage  .   J - +0 pair of gloves
Will     +....                  (no boots)
Stlth    +.........             s - amulet of magic regeneration
HPRegen  0.24/turn              h - ring of protection from fire
MPRegen  0.40/turn              I - ring of resist corrosion

@: no status effects
A: no striking features
a: Renounce Religion, Depart the Abyss, Bend Space, Banish


You were on level 10 of the Dungeon.
You worshipped Lugonu.
Lugonu was most pleased with you.
You visited 1 branch of the dungeon, and saw 11 of its levels.
You visited the Abyss 1 time.
You also visited: Bailey.

You collected 1704 gold pieces.

Inventory:

Hand Weapons
 b - a +4 flail of freezing (weapon)
 f - a +0 arbalest
 E - a +4 dire flail
Missiles
 e - 428 stones (quivered)
 m - 32 poisoned darts
 q - 11 javelins
 r - a throwing net
 t - 3 curare-tipped darts
 D - 71 boomerangs
Armour
 c - a +1 cloak (worn)
 w - a +3 leather armour of willpower (worn)
 A - a +0 buckler (worn)
 G - a +0 helmet (worn)
 J - a +0 pair of gloves (worn)
 K - a scarf of invisibility
 L - a +0 kite shield
Jewellery
 h - a ring of protection from fire (left hand)
 s - an amulet of magic regeneration (around neck)
 I - a ring of resist corrosion (right hand)
Wands
 a - a wand of flame (50)
 k - a wand of digging (5)
 y - a wand of polymorph (3)
 B - a wand of mindburst (19)
Scrolls
 i - 3 scrolls of teleportation
 l - 2 scrolls of amnesia
 v - a scroll of magic mapping
 C - 2 scrolls of enchant weapon
 H - a scroll of identify
Potions
 d - 5 potions of brilliance
 g - 4 potions of curing
 j - 2 potions of lignification
 n - 2 potions of magic
 o - a potion of flight {unknown}
 p - 3 potions of haste {unknown}
 u - 2 potions of heal wounds {unknown}
 x - a potion of degeneration {unknown}
 z - 2 potions of invisibility {unknown}
 F - 4 potions of mutation


   Skills:
 + Level 7.7 Fighting
 + Level 11.4 Maces & Flails
 - Level 5.0 Armour
 - Level 1.0 Dodging
 + Level 8.5 Invocations


You had 6 spell levels left.
You knew the following spells:

 Your Spells              Type           Power      Damage    Failure   Level
a - Vampiric Draining     Necr           0%         2d6       89%         3
b - Animate Skeleton      Necr           0%         N/A       54%         1

Your spell library contained the following spells:

 Spells                   Type           Power      Damage    Failure   Level
 Beastly Appendage        Tmut           0%         N/A       54%         1
 Corona                   Hex            0%         N/A       54%         1
 Magic Dart               Conj           0%         1d3       54%         1
 Pain                     Necr           0%         1d4       54%         1
 Ensorcelled Hibernation  Hex/Ice        0%         N/A       69%         2
 Searing Ray              Conj           0%         3d3       69%         2
 Wereblood                Tmut           0%         N/A       69%         2
 Confusing Touch          Hex            0%         N/A       89%         3
 Dazzling Flash           Conj/Hex       0%         N/A       89%         3
 Spider Form              Tmut/Pois      0%         N/A       89%         3
 Tukima's Dance           Hex            0%         N/A       89%         3
 Animate Dead             Necr           0%         N/A       100%        4
 Fulminant Prism          Conj/Hex       0%         3d6       100%        4
 Ice Form                 Ice/Tmut       0%         N/A       100%        4
 Iskenderun's Mystic Bla  Conj/Tloc      0%         2d3       100%        4
 Agony                    Necr           0%         N/A       100%        5
 Hydra Form               Tmut           0%         N/A       100%        5


Dungeon Overview and Level Annotations

Branches:
Dungeon (11/15)            Temple (0/1) D:4             Orc (0/2) D:9
 Bailey (visited)
   Lair: D:8-11

Altars:
Elyvilon
Fedhas
Hepliaklqana
Kikubaaqudgha
Makhleb
Ru
Trog
Wu Jian
Xom
Yredelemnul
Zin
The Shining One

Shops:
D:6 !   D:7 *

Annotations:
D:2 1 runed translucent door, Crazy Yiuf
D:8 1 runed translucent door
D:9 Harold


Message History

a - a wand of flame (50) (gained 15 charges)
Found 13 arrows.
There is an open door here.
Found 26 arrows.
You now have 1683 gold pieces (gained 14).
You now have 1688 gold pieces (gained 5).
Found a tower shield.
A two-headed ogre comes into view.
It is wielding a +0 giant club and a +0 dire flail.
The two-headed ogre shouts in stereo!
You see here 16 gold pieces.
You now have 1704 gold pieces (gained 16).
Aiming: Mindburst
Press: ? - help, Shift-Dir - straight line, f - two-headed ogre
Aim: a two-headed ogre, wielding a +0 giant club and a +0 dire flail (chance to affect: 48%)
The two-headed ogre resists with some effort.
You barely miss the two-headed ogre. The two-headed ogre barely misses you.
The two-headed ogre hits you with a +0 dire flail!
You hit the two-headed ogre. You freeze the two-headed ogre.
The two-headed ogre is lightly wounded.
You bludgeon the two-headed ogre!! You freeze the two-headed ogre!
The two-headed ogre is severely wounded.
The two-headed ogre closely misses you.
The two-headed ogre hits you with a +0 dire flail.
You hit the two-headed ogre. You freeze the two-headed ogre.
The two-headed ogre is severely wounded.
The two-headed ogre hits you with a +0 giant club!!
* * * LOW HITPOINT WARNING * * *
The two-headed ogre hits you with a +0 dire flail.
* * * LOW HITPOINT WARNING * * *
Your shield and leather armour prevent you from hitting the two-headed ogre.
The two-headed ogre is severely wounded.
You barely miss the two-headed ogre.
The two-headed ogre is severely wounded.
The two-headed ogre hits you with a +0 giant club!!
* * * LOW HITPOINT WARNING * * *
The two-headed ogre closely misses you.
You hit the two-headed ogre but do no damage.
The two-headed ogre is severely wounded.
The two-headed ogre hits you with a +0 giant club!!
You die...

####...# #......#
#)##...##
#.###......
#.###..######
#............
#####...#####
#####.......[.#####
#.....#.#.......@.#
#.....#.##..#####O#
#.....#.##..# .#
#.....#.##..# .#
#.....#.##.># .#
#.....#.##.## .#
#.....#<...# .#
......#.####### .#
#.....(........


You could see a two-headed ogre.

Vanquished Creatures
  2 two-headed ogres
  Sigmund (D:6)
  3 yaks
  A wraith (D:10)
  3 wyverns
  2 steam dragons
  A vampire mosquito (D:11)
  A black bear (D:5)
  A hornet zombie (D:9)
  Purgy (D:4)
  A necrophage (D:3)
  5 centaurs
  A tengu (D:8)
  A kobold brigand (D:6)
  A scorpion (D:4)
  A gnoll sergeant (D:5)
  3 bullfrogs
  A water moccasin zombie (D:5)
  2 water moccasin skeletons (D:5)
  10 wights
  3 howler monkeys (D:7)
  4 centaur zombies
  2 jellies
  A bullfrog zombie (D:5)
  4 hounds
  4 bullfrog skeletons
  2 orc priests
  Ijyb (D:5)
  An orc wizard (D:4)
  A hound zombie (D:5)
  A howler monkey zombie (D:8)
  28 gnolls
  6 adders
  A shadow imp (D:5)
  2 white imps
  2 ufetubi
  2 worms
  3 dart slugs
  8 orcs
  5 endoplasms
  2 giant cockroaches (D:1)
  11 goblins
  26 hobgoblins
  7 jackals
  16 kobolds
  2 quokkas
  5 ball pythons
  5 bats
  2 frilled lizards
  8 rats
207 creatures vanquished.

Vanquished Creatures (others)
  2 plants (D:4)
2 creatures vanquished.

Grand Total: 209 creatures vanquished

Notes
Turn   | Place    | Note
-------+----------+-------------------------------------------
     0 | Abyss:1  | Strat the Human Abyssal Knight began the quest for the Orb.
     0 | Abyss:1  | Reached XP level 1. HP: 18/18 MP: 2/2
    35 | D:1      | Escaped the Abyss
   379 | D:1      | Reached XP level 2. HP: 24/24 MP: 3/3
  1133 | D:2      | Reached XP level 3. HP: 29/29 MP: 4/4
  1139 | D:2      | Reached ** piety under Lugonu
  1213 | D:2      | Reached skill level 3 in Maces & Flails
  1415 | D:2      | Found a runed translucent door.
  1416 | D:2      | Noticed Crazy Yiuf
  2462 | D:3      | Noticed a necrophage
  2590 | D:3      | Reached XP level 4. HP: 33/35 MP: 5/5
  2984 | D:3      | Reached skill level 4 in Maces & Flails
  2984 | D:3      | Reached XP level 5. HP: 41/42 MP: 6/6
  3031 | D:3      | Learned a level 3 spell: Vampiric Draining
  3060 | D:3      | Killed a necrophage
  3061 | D:3      | Reached XP level 6. HP: 24/48 MP: 7/7
  3533 | D:2      | Reached skill level 5 in Maces & Flails
  4455 | D:3      | Found a faded altar of an unknown god.
  4675 | D:4      | Noticed Purgy
  4962 | D:4      | Reached XP level 7. HP: 32/55 MP: 8/8
  5184 | D:4      | Killed Purgy
  5185 | D:4      | Reached skill level 5 in Fighting
  5185 | D:4      | Reached skill level 6 in Maces & Flails
  5339 | D:4      | Reached *** piety under Lugonu
  5888 | D:4      | Learned a level 1 spell: Animate Skeleton
  5917 | D:4      | Found a basalt altar of Yredelemnul.
  5919 | D:4      | Noticed a profane servitor
  5925 | D:4      | Found a glowing golden altar of the Shining One.
  5927 | D:4      | Noticed an angel
  5947 | D:4      | Found a staircase to the Ecumenical Temple.
  6019 | D:4      | Found an ornate altar of the Wu Jian Council.
  6034 | D:4      | Reached skill level 7 in Maces & Flails
  6427 | D:5      | Entered Level 5 of the Dungeon
  6581 | D:5      | Reached XP level 8. HP: 27/62 MP: 9/9
  6970 | D:5      | Noticed Ijyb
  6988 | D:5      | Killed Ijyb
  7089 | D:5      | Reached skill level 8 in Maces & Flails
  9212 | D:6      | Found a white marble altar of Elyvilon.
  9399 | D:6      | Reached XP level 9. HP: 68/68 MP: 11/11
  9459 | D:6      | Found Caji's Distillery.
  9596 | D:6      | Reached skill level 9 in Maces & Flails
  9597 | D:6      | HP: 1/64 [wight/+2 hand axe (6)]
  9938 | D:6      | Noticed Sigmund
  9947 | D:6      | Killed Sigmund
 10448 | D:7      | Identified the +6 dagger of Deifis {freeze, Str+5}
 10460 | D:7      | Found a shimmering altar of Xom.
 10667 | D:7      | Reached skill level 5 in Invocations
 10737 | D:7      | Reached skill level 10 in Maces & Flails
 10840 | D:7      | Reached skill level 5 in Armour
 11184 | D:7      | Found Dumihoz's Assorted Antiques.
 11964 | D:8      | Found a flagged portal.
 11969 | D:8      | Reached XP level 10. HP: 74/74 MP: 14/14
 11986 | Bailey   | Entered a bailey
 12181 | Bailey   | Reached **** piety under Lugonu
 12223 | Bailey   | Noticed an orc knight
 13497 | D:8      | You fall into a shaft and drop 1 floor!
 13788 | D:9      | Found a staircase to the Orcish Mines.
 13857 | D:9      | Noticed a two-headed ogre
 13928 | D:8      | Found a runed translucent door.
 13929 | D:8      | Found a burning altar of Makhleb.
 13929 | D:8      | Noticed a sixfirhy
 14158 | D:8      | Found a bloodstained altar of Trog.
 14234 | D:8      | You fall into a shaft and drop 3 floors!
 14277 | D:11     | Noticed a two-headed ogre
 14289 | D:11     | Killed a two-headed ogre
 14427 | D:11     | Found a sacrificial altar of Ru.
 14538 | D:11     | Noticed a two-headed ogre
 14543 | D:10     | Entered Level 10 of the Dungeon
 15379 | D:9      | Noticed Erica
 15383 | D:8      | Noticed Erica
 15383 | D:8      | Erica changed into Erica the tengu
 15386 | D:8      | Killed Erica the tengu
 15446 | D:9      | Noticed Harold
 15541 | D:9      | Killed a two-headed ogre
 15542 | D:9      | Reached skill level 11 in Maces & Flails
 16308 | D:10     | Found a blossoming altar of Fedhas.
 16331 | D:10     | Identified a scroll of acquirement
 16331 | D:10     | Acquired 875 gold pieces
 16341 | D:10     | Found a hazy altar of Hepliaklqana.
 16369 | D:10     | Reached XP level 11. HP: 56/84 MP: 17/17
 16915 | D:10     | Found an ancient bone altar of Kikubaaqudgha.
 16916 | D:10     | Found a glowing silver altar of Zin.
 17058 | D:10     | Noticed a two-headed ogre
 17067 | D:10     | Slain by a two-headed ogre

Illustrated notes

Levels and vault maps discovered:
D:1:      nzn_arrival_crosshair, layout_basic, hangedman_decor_points
D:2:      layout_loops_corners, st_stairs_14, uniq_crazy_yiuf_cottage
D:3:      layout_loops_ring, ebering_ecumenical_altar_box, minmay_vboxes
D:4:      layout_basic, grunt_temple_overflow_holy_war, lemuel_doored_altar,
          minmay_temple_entry_overgrown, serial_bayou_pond_a, uniq_purgy
D:5:      layout_basic, chequers_serial_rivers_large_a, st_stairs_13,
          serial_park_tiny_pond, grunt_decor_mini_mirrors,
          minmay_fractal_squares_diagonal_5, uniq_ijyb
D:6:      layout_basic, nicolae_elyvilon_peaceful_grove, serial_shops, shop,
          uniq_sigmund
D:7:      layout_basic, amcnicky_altar_gilded, serial_shops, shop,
          kennysheep_generic_room_2
D:8:      layout_basic, trog_hazing_becter, nzn_makhleb_speed_demon,
          enter_bailey_4
D:9:      layout_basic, lemuel_crystal_altar, lemuel_round_altar, orc_0_dummy,
          uniq_harold, uniq_erica
D:10:     layout_basic, lemuel_crystal_altar, nicolae_overflow_crystal_walls,
          jmf_multi_god_temple
D:11:     minmay_tearing_corner, layout_gridville, lair_entry_dummy,
          nicolae_trove_entry_columns, nicolae_ru_sacrificial_ziggurat

Skill      XL: |  1  2  3  4  5  6  7  8  9 10 |
---------------+-------------------------------+-----
Maces & Flails | 3 4 5 7 8 10 11 | 11.4
Fighting       | 4 5 7 |  7.7
Invocations    | 3 6 8 |  8.5
Armour         | 3 5 |  5.0
Dodging        | |  1.0

Action                   |  1- 3 |  4- 6 |  7- 9 | 10-12 || total
-------------------------+-------+-------+-------+-------++-------
Melee: Mace              |    98 |   163 |   184 |       ||   445
       Flail             |       |       |    91 |   230 ||   321
Throw: Throwing net      |       |       |     3 |       ||     3
       Dart              |       |       |     4 |       ||     4
Evoke: Wand              |       |       |    22 |    21 ||    43
  Use: Scroll            |     1 |     5 |     8 |     7 ||    21
       Potion            |       |       |       |     2 ||     2
Armor: Leather armour    |    26 |       |    39 |    77 ||   142
       Ring mail         |     7 |    72 |    51 |       ||   130
Dodge: Dodged            |    48 |    85 |   138 |   136 ||   407
Block: Buckler           |       |       |       |    25 ||    25

Table legend: (Time is in decaauts)
 A = Elapsed time spent in this place.
 B = Non-inter-level travel time spent in this place.
 C = Inter-level travel time spent in this place.
 D = Time resting spent in this place.
 E = Time spent auto-exploring this place.
 F = Levels seen in this place.
 G = Mean time per level.
                   A        B        C        D        E       F      G
               +--------+--------+--------+--------+--------+-----+--------+
         Total |  17155 |  16730 |    425 |   6378 |   7507 |  13 | 1319.6 |
       Dungeon |  16250 |  15825 |    425 |   5849 |   7415 |  11 | 1477.3 |
         Abyss |     35 |     35 |      0 |      0 |      0 |   1 |   35.0 |
        Bailey |    870 |    870 |      0 |    529 |     92 |   1 |  870.0 |
               +--------+--------+--------+--------+--------+-----+--------+

Top non-repeatable levels by time:
     D:5: 2498 daAuts
     D:3: 2225 daAuts
     D:4: 1677 daAuts
     D:8: 1633 daAuts
    D:10: 1502 daAuts
     D:6: 1494 daAuts
     D:7: 1454 daAuts
     D:2: 1443 daAuts
     D:1: 1108 daAuts
     D:9: 904 daAuts
  Bailey: 870 daAuts
    D:11: 307 daAuts
 Abyss:1: 35 daAuts
